 Dungeon Crawl Stone Soup version 0.30-a0-465-g8901f6c8b5 (webtiles) character file.

Game seed: 15316269527226063563

78 drugrobin the Sneak (level 3, -8/30 HPs)
             Began as a Demigod Delver on Dec 18, 2022.
             Mangled by a mummy (14 damage)
             ... in an ossuary.
             The game lasted 00:06:38 (989 turns).

drugrobin the Sneak (Demigod Delver)                 Turns: 989, Time: 00:06:38

Health: -8/30      AC:  6    Str: 15 (17) XL:     3   Next: 94%
Magic:  5/5        EV: 11    Int: 11 (12) God:
Gold:   84         SH:  0    Dex: 12 (15) Spells: 2/2 levels left

rFire   . . .      SeeInvis .      - Unarmed
rCold   . . .      Faith    .    (no shield)
rNeg    . . .      Spirit   .    a - +1 leather armour
rPois   .          Reflect  .    (helmet restricted)
rElec   .          Harm     .    (no cloak)
rCorr   .          Rampage  .    (no gloves)
Will    .....                    (no boots)
Stlth   ++........               (no amulet)
HPRegen 0.25/turn                (no ring)
MPRegen 0.09/turn                (no ring)

@: mighty
A: high MP 1, forlorn, divine attributes, antennae 1, iridescent scales 1
a: no special abilities


You were in an ossuary.
You visited 1 branch of the dungeon, and saw 2 of its levels.
You also visited: Ossuary.

You collected 84 gold pieces.

Inventory:

Missiles
 k - 2 poisoned darts (quivered)
Armour
 a - a +1 leather armour (worn)
 m - a +2 helmet
Wands
 f - a wand of digging (3)
Scrolls
 b - 3 scrolls of fog
 c - a scroll of magic mapping
 d - 2 scrolls of fear
 j - a scroll of enchant armour
Potions
 o - 2 potions of flight
 p - 3 potions of magic
 r - a potion of mutation


   Skills:
 - Level 2.6 Fighting
 - Level 1.7 Dodging
 - Level 4.5 Stealth
 + Level 4.1 Unarmed Combat


You had 2 spell levels left.
You didn't know any spells.
Your spell library was empty.

Dungeon Overview and Level Annotations

Branches:
Dungeon (5/15)            Ossuary (1/1)
 Temple: D:4-7


Innate Abilities, Weirdness & Mutations

You have an increased reservoir of magic. (+10% MP)
You shall have no god before yourself.
Your divine heritage dramatically boosts your attributes as you level up.
You have a pair of small antennae on your head.
You are partially covered in iridescent scales. (AC +2)


Message History

The mummy is lightly damaged.
You hit the mummy.
The mummy is moderately damaged.
The mummy hits you!
Ouch! That really hurt!
* * * LOW HITPOINT WARNING * * *
You swap places.
The mummy hits your butterfly!
Your butterfly dies!
Your butterfly disappears in a burst of colours!
It was a potion of attraction.
You feel attractive to monsters. The mummy hits your butterfly!!
Your butterfly dies!
Your butterfly disappears in a burst of colours!
The mummy is attracted toward you.
It was a potion of mutation.
You feel extremely strange. A pair of antennae grows on your head!
Your +2 helmet falls away!
Iridescent scales grow over part of your body.
Your butterfly disappears in a burst of colours!
The mummy closely misses you.
It was a potion of brilliance.
You feel clever all of a sudden.
Your butterfly disappears in a burst of colours! x2
It was a potion of degeneration.
There was something very wrong with that liquid.
You feel weakened.
You feel dopey.
You feel clumsy.
Your butterfly disappears in a burst of colours!
The mummy barely misses you.
It was a potion of cancellation.
Your magical effects are unravelling.
You feel magically purged.
You feel a little less clever now.
You feel less attractive to monsters.
It was a potion of might.
You feel very mighty all of a sudden.
Your butterfly disappears in a burst of colours! x2
The mummy hits you!
You die...

##....##....##....##
##......#....#.(....#
#b.bbb..#....#......$
#$..bb..#....#......$
#$b.bbbb#....#.M...$$
##$bbb..#....#.....$#
#.$b..##....##....$#
##bM..##....##....##
#.@.###.∩∩.###...#
##### ###### #####


You could see a mummy (ally target).

Vanquished Creatures
  4 mummies (Ossuary)
  2 adders (D:4)
  A dart slug (D:5)
  An endoplasm (D:4)
  2 gnoll zombies (Ossuary)
  A hobgoblin zombie (Ossuary)
  2 kobold zombies (Ossuary)
  3 orc zombies (Ossuary)
16 creatures vanquished.

Notes
Turn   | Place    | Note
-------+----------+-------------------------------------------
     0 | D:5      | drugrobin the Demigod Delver began the quest for the Orb.
     0 | D:5      | Reached XP level 1. HP: 18/18 MP: 3/3
   112 | D:5      | Noticed a hound
   208 | D:5      | Noticed an iguana
   230 | D:4      | Found a sand-covered staircase.
   398 | D:4      | Reached XP level 2. HP: 10/25 MP: 4/4
   572 | Ossuary  | Entered an ossuary
   726 | Ossuary  | Reached XP level 3. HP: 14/30 MP: 5/5
   858 | Ossuary  | HP: 1/45 [mummy (9)]
   985 | Ossuary  | Gained mutation: You have a pair of small antennae on your
                  | head. [potion of mutation]
   985 | Ossuary  | Gained mutation: You are partially covered in iridescent
                  | scales. (AC +2) [potion of mutation]
   989 | Ossuary  | Mangled by a mummy

Illustrated notes

Levels and vault maps discovered:
D:4:      layout_loops_corners, general_overflow_altar,
          nicolae_ossuary_entry_monument
D:5:      layout_basic, nicolae_overflow_hidden_temple,
          minmay_temple_entry_enclosed_plants, uniq_eustachio,
          uniq_crazy_yiuf_cottage
Ossuary:  ossuary_tomb_3

Skill      XL: |  1  2  3 |
---------------+----------+-----
Unarmed Combat | 2 3 4 |  4.1
Fighting       | |  2.6
Dodging        | |  1.7
Stealth        | |  4.5

Action                   || total
-------------------------++-------
Melee: Unarmed           ||    99
       Punch             ||     1
Throw: Dart              ||     7
  Use: Potion            ||     9
       Scroll            ||     7
Armor: Leather armour    ||    20
Dodge: Dodged            ||    49

Table legend: (Time is in decaauts)
 A = Elapsed time spent in this place.
 B = Non-inter-level travel time spent in this place.
 C = Inter-level travel time spent in this place.
 D = Time resting spent in this place.
 E = Time spent auto-exploring this place.
 F = Levels seen in this place.
 G = Mean time per level.
                   A        B        C        D        E       F      G
               +--------+--------+--------+--------+--------+-----+--------+
         Total |    962 |    886 |     76 |    140 |     68 |   3 |  320.7 |
       Dungeon |    570 |    494 |     76 |      0 |     68 |   2 |  285.0 |
       Ossuary |    392 |    392 |      0 |    140 |      0 |   1 |  392.0 |
               +--------+--------+--------+--------+--------+-----+--------+

Top non-repeatable levels by time:
 Ossuary: 392 daAuts
     D:4: 344 daAuts
     D:5: 225 daAuts
